 Dungeon Crawl Stone Soup version 0.30.1-11-g7821555f0a (webtiles) character file.

Game seed: 15531380544576455546

28 ChrisAssaf the Grave Robber (level 3, -5/17 HPs)
             Began as a Vine Stalker Necromancer on Dec 17, 2023.
             Was an Initiate of Nemelex Xobeh.
             Slain by a gnoll
             ... wielding a +0 halberd
              (8 damage)
             ... on level 3 of the Dungeon.
             The game lasted 00:04:10 (884 turns).

ChrisAssaf the Grave Robber (VSNe)                   Turns: 884, Time: 00:04:10

Health: -5/17      AC:  2    Str: 10    XL:     3   Next: 14%
Magic:  0/7        EV: 12    Int: 17    God:    Nemelex Xobeh [......]
Gold:   26         SH:  0    Dex: 14    Spells: 2/6 levels left

rFire   . . .        (no weapon)
rCold   . . .        (no shield)
rNeg    . . .        a - +0 robe
rPois   .            (no helmet)
rElec   .            (no cloak)
rCorr   .            (no gloves)
SInv    .            (no boots)
Will    .....        (no amulet)
Stlth   ++           (no ring)
HPRegen 0.22/turn    (no ring)
MPRegen 0.10/turn

%: guardian spirit
@: very slightly contaminated
A: fangs 2, magic shield, antimagic bite, no potion heal 2
a: Renounce Religion, Draw Escape, Draw Destruction, Draw Summoning


You were on level 3 of the Dungeon.
You worshipped Nemelex Xobeh.
Nemelex Xobeh was noncommittal.
You visited 1 branch of the dungeon, and saw 3 of its levels.

You collected 26 gold pieces.

Inventory:

Armour
 a - a +0 robe (worn)
Scrolls
 b - 2 scrolls of amnesia
 d - a scroll of fog {unknown}
 e - a scroll of fear {unknown}
 f - a scroll of immolation {unknown}
Potions
 c - a potion of curing


   Skills:
 * Level 0.5 Fighting
 * Level 0.2 Armour
 * Level 1.6 Dodging
 * Level 2.5 Stealth
 * Level 2.4 Spellcasting
 * Level 4.5 Necromancy


You had 2 spell levels left.
You knew the following spells:

 Your Spells              Type           Power      Damage    Failure   Level
a - Necrotise             Necr           68%        1d7       2%          1
b - Vampiric Draining     Necr           17%        2d7       9%          3

Your spell library contained the following spells:

 Spells                   Type           Power      Damage    Failure   Level
 Animate Dead             Necr           17%        N/A       28%         4
 Agony                    Necr           17%        N/A       61%         5


Dungeon Overview and Level Annotations

Branches:
Dungeon (3/15)

Altars:
Hepliaklqana
Nemelex Xobeh
Trog


Innate Abilities, Weirdness & Mutations

You have extremely sharp teeth.
When hurt, damage is shared between your health and your magic reserves.
Your bite disrupts and absorbs the magic of your enemies.
Potions cannot restore your health.


Message History

Confirm with . or Enter, or press ? or * to list all spells.
Aiming: Necrotise (safe; 2% risk of failure)
Press: ? - help, Shift-Dir - straight line, f - gnoll
Aim: a gnoll, wielding a +0 halberd (chance to affect: 81%)
The gnoll barely resists.
The gnoll barely misses you.
Unknown command.
Casting: Necrotise (safe; 2% risk of failure)
Confirm with . or Enter, or press ? or * to list all spells.
Aiming: Necrotise (safe; 2% risk of failure)
Press: ? - help, Shift-Dir - straight line, f/p - gnoll
Aim: a gnoll, wielding a +0 halberd (chance to affect: 81%)
The gnoll writhes in agony.
The gnoll closely misses you.
Unknown command.
Casting: Necrotise (safe; 2% risk of failure)
Confirm with . or Enter, or press ? or * to list all spells.
Aiming: Necrotise (safe; 2% risk of failure)
Press: ? - help, Shift-Dir - straight line, f/p - gnoll
Aim: a gnoll, wielding a +0 halberd (lightly wounded, chance to affect: 81%)
The gnoll barely resists.
The gnoll closely misses you.
Unknown command.
Casting: Necrotise (safe; 2% risk of failure)
Confirm with . or Enter, or press ? or * to list all spells.
Aiming: Necrotise (safe; 2% risk of failure)
Press: ? - help, Shift-Dir - straight line, f/p - gnoll
Aim: a gnoll, wielding a +0 halberd (lightly wounded, chance to affect: 81%)
You miscast Necrotise.
You are very lightly contaminated with residual magic.
Nothing appears to happen.
The gnoll hits you with a +0 halberd.
Unknown command.
Aiming: Vampiric Draining (extremely dangerous; 9% risk of failure)
Press: ? - help, Q - select action, (/) - cycle Shift-Dir - straight line, f/p - gnoll
Aim: a gnoll, wielding a +0 halberd (lightly wounded)
You draw life force from the gnoll!
You feel life coursing into your body. The gnoll hits you with a +0 halberd!
Ouch! That really hurt!
* * * LOW HITPOINT WARNING * * *
Unknown command.
The gnoll hits you from afar with a +0 halberd!
You die...
Your body disappears without a glow.

#######################
.............Kg.@.....#
#####################.#
#...................#
#.#################.#
#.# #[# #.# #.# #.# #.#
#.####### ########.#
........# #........#


You could see a gnoll and a kobold.

Vanquished Creatures
  3 dart slugs
  2 bats
  2 endoplasms
  3 giant cockroaches
  2 goblins (D:1)
  4 hobgoblins
  A ball python (D:1)
  2 frilled lizards
19 creatures vanquished.

Vanquished Creatures (collateral kills)
  A kobold (D:2)
1 creature vanquished.

Grand Total: 20 creatures vanquished

Notes
Turn   | Place    | Note
-------+----------+-------------------------------------------
     0 | D:1      | ChrisAssaf the Vine Stalker Necromancer began the quest for
                  | the Orb.
     0 | D:1      | Reached XP level 1. HP: 9/9 MP: 4/4
    99 | D:1      | Reached XP level 2. HP: 11/13 MP: 3/6
   612 | D:2      | Reached XP level 3. HP: 17/17 MP: 2/7
   616 | D:2      | Learned a level 3 spell: Vampiric Draining
   699 | D:3      | Found a hazy altar of Hepliaklqana.
   710 | D:3      | Found a sparkling altar of Nemelex Xobeh.
   715 | D:3      | Became a worshipper of Nemelex Xobeh the Trickster
   843 | D:3      | Found a bloodstained altar of Trog.
   884 | D:3      | Slain by a gnoll

Illustrated notes

Levels and vault maps discovered:
D:1:      heliophobic_arrival_henge, layout_basic
D:2:      layout_basic, amcnicky_mini_corridor_feature, minmay_pentomino_s2
D:3:      layout_basic, general_overflow_altar, trog_antimagical,
          mainiacjoe_overflow_big_doors, serial_forest,
          infiniplex_forest_straight_2, infiniplex_forest_clump_cross,
          infiniplex_forest_clump_large, infiniplex_forest_lined_2,
          infiniplex_forest_straight_5, infiniplex_forest_clump_small,
          infiniplex_forest_lined_2, lightli_corner_chamber

Action                     || total
---------------------------++-------
  Melee: Unarmed           ||     3
         Bite              ||     2
   Cast: Necrotise         ||    40
         Vampiric Draining ||     2
    Use: Potion            ||     1
         Scroll            ||     4
 Armour: Robe              ||    14
  Dodge: Dodged            ||    30
